| TOP OF THE 1ST |
|
Buffalo Bisons batting - Pitching for Fresno Grizzlies : RHP David Toellner
|
|
Pitching: RHP David Toellner
|
|
|
Batting: SHB Bran Stark
|
0-0: Ball 1-0: Called Strike 1-1: SINGLE (Groundball, 4MD, EV 96.9 MPH)
|
|
Batting: RHB Jeff Garofalo
|
0-0: Foul Ball, location: 2F 0-1: Ball 1-1: Ball 2-1: Ball 3-1: Called Strike 3-2: Base on Balls Bran Stark to second
|
|
Batting: RHB Bill Murray
|
0-0: Called Strike 0-1: Ball 1-1: Fielders Choice at 2nd, 3-6 (Groundball, 13, EV 91.2 MPH) Bran Stark to third
|
|
Batting: LHB Isto Mäyrä
|
0-0: Ball 1-0: Ball 2-0: SINGLE (Groundball, 4MD, EV 96.2 MPH) Bran Stark scores Bill Murray to second
|
|
Batting: RHB Danny Miramontes
|
0-0: SINGLE (Groundball, 34D, EV 100.6 MPH) Bill Murray to third Isto Mäyrä to second Runner from 3rd tries for Home, SAFE, throw by RF to home
|
|
Batting: RHB Zhi-bin Ou-yang
|
0-0: Ball 1-0: Foul Ball, location: 2F 1-1: Fly out, F3 (Popup, 3, EV 60.0 MPH)
|
|
Batting: RHB Danny Eberhart
|
0-0: Foul Ball, location: 2F 0-1: Ball 1-1: Fly out, F9 (Flyball, 89S, EV 90.6 MPH)
|
| Top of the 1st over - 2 runs, 3 hits, 0 errors, 2 left on base; Buffalo 2 - Fresno 0 |
| BOTTOM OF THE 1ST |
|
Fresno Grizzlies batting - Pitching for Buffalo Bisons : RHP Jack Overbeek
|
|
Pitching: RHP Jack Overbeek
|
|
|
Batting: LHB Danny Wolver
|
0-0: Called Strike 0-1: Called Strike 0-2: Foul Ball, location: 2F 0-2: SINGLE (Groundball, 6M, EV 99.4 MPH) (infield hit)
|
|
Batting: LHB Chris Cabrera
|
0-0: Foul Ball, location: 2F 0-1: Ball 1-1: Foul Ball, location: 2F 1-2: Ball 2-2: Strikes out swinging
|
|
Batting: LHB Josh Birkner
|
0-0: Ball 1-0: Called Strike 1-1: Foul Ball, location: 2F 1-2: Ball 2-2: Ground out 6-3 (Groundball, 4, EV 85.6 MPH) Danny Wolver to second
|
|
Batting: LHB Mark Dearth
|
0-0: Swinging Strike 0-1: Foul Ball, location: 2F 0-2: Ball Wild Pitch! Danny Wolver to third 1-2: Ball 2-2: Ball 3-2: Strikes out swinging
|
| Bottom of the 1st over - 0 runs, 1 hit, 0 errors, 1 left on base; Buffalo 2 - Fresno 0 |
| TOP OF THE 2ND |
|
Buffalo Bisons batting - Pitching for Fresno Grizzlies : RHP David Toellner
|
|
Batting: RHB Danny Heyer
|
0-0: Swinging Strike 0-1: Ball 1-1: Ball 2-1: Foul Ball, location: 2F 2-2: Ball 3-2: Strikes out swinging
|
|
Batting: RHB Bobby Lasaguna
|
0-0: Foul Ball, location: 2F 0-1: Ball 1-1: Swinging Strike 1-2: Ground out 4-3 (Groundball, 4, EV 86.9 MPH)
|
|
Batting: SHB Bran Stark
|
0-0: Ground out 4-3 (Groundball, 4, EV 106.2 MPH)
|
| Top of the 2nd over - 0 runs, 0 hits, 0 errors, 0 left on base; Buffalo 2 - Fresno 0 |
| BOTTOM OF THE 2ND |
|
Fresno Grizzlies batting - Pitching for Buffalo Bisons : RHP Jack Overbeek
|
|
Batting: RHB Ramon Castellon
|
0-0: Ball 1-0: Ball 2-0: Swinging Strike 2-1: Ground out 4-3 (Groundball, 34, EV 106.9 MPH)
|
|
Batting: LHB Bob Govella
|
0-0: Called Strike 0-1: Called Strike 0-2: Ball 1-2: Ball 2-2: Ball 3-2: Fly out, F8 (Flyball, 78XD, EV 95.6 MPH)
|
|
Batting: RHB Kyle Davis
|
0-0: Foul Ball, location: 2F 0-1: Called Strike 0-2: Ground out 5-3 (Groundball, 56S, EV 88.1 MPH)
|
| Bottom of the 2nd over - 0 runs, 0 hits, 0 errors, 0 left on base; Buffalo 2 - Fresno 0 |
| TOP OF THE 3RD |
|
Buffalo Bisons batting - Pitching for Fresno Grizzlies : RHP David Toellner
|
|
Batting: RHB Jeff Garofalo
|
0-0: Ball 1-0: Ball 2-0: Called Strike 2-1: Ball 3-1: Base on Balls
|
|
Batting: RHB Bill Murray
|
Balk! Jeff Garofalo to second 0-0: Called Strike 0-1: Ball 1-1: Ball 2-1: Ball 3-1: Base on Balls
|
|
Batting: LHB Isto Mäyrä
|
0-0: Foul Ball, location: 2F 0-1: Ball 1-1: Ball 2-1: Ball 3-1: Base on Balls Jeff Garofalo to third Bill Murray to second
|
|
Batting: RHB Danny Miramontes
|
0-0: Ball 1-0: Foul Ball, location: 2F 1-1: Called Strike 1-2: Ball 2-2: Ball 3-2: Ground out U3 (Groundball, 34S, EV 63.1 MPH) Jeff Garofalo scores Bill Murray to third Isto Mäyrä to second
|
|
Batting: RHB Zhi-bin Ou-yang
|
0-0: Swinging Strike 0-1: Ball 1-1: Ball 2-1: Ball 3-1: Swinging Strike 3-2: Base on Balls
|
|
Batting: RHB Danny Eberhart
|
0-0: Called Strike 0-1: Foul Ball, location: 2F 0-2: Ball 1-2: SINGLE (Line Drive, 56, EV 96.9 MPH) Bill Murray scores Isto Mäyrä to third Zhi-bin Ou-yang to second
|
|
Batting: RHB Danny Heyer
|
0-0: Foul Ball, location: 2F 0-1: Called Strike 0-2: Ball 1-2: SINGLE (Groundball, 56, EV 105.6 MPH) Isto Mäyrä scores Zhi-bin Ou-yang to third Danny Eberhart to second Runner from 3rd tries for Home, SAFE, throw by LF to home
|
|
Pitching: RHP Alex Salinas
|
|
|
Batting: RHB Bobby Lasaguna
|
0-0: Fielders Choice at 2nd, 6-4 (Groundball, 6, EV 86.2 MPH) Danny Eberhart to third
|
|
Batting: SHB Bran Stark
|
0-0: SINGLE (Groundball, 4D, EV 107.5 MPH) Danny Eberhart scores Bobby Lasaguna to second Runner from 2nd tries for 3rd, OUT! 8-5
|
| Top of the 3rd over - 5 runs, 3 hits, 0 errors, 1 left on base; Buffalo 7 - Fresno 0 |
| BOTTOM OF THE 3RD |
|
Fresno Grizzlies batting - Pitching for Buffalo Bisons : RHP Jack Overbeek
|
|
Batting: RHB Sam Spohn
|
0-0: Ball 1-0: Ball 2-0: Foul Ball, location: 2F 2-1: Ball 3-1: Foul Ball, location: 2F 3-2: Foul Ball, location: 2F 3-2: Foul Ball, location: 2F 3-2: Foul Ball, location: 2F 3-2: Base on Balls
|
|
Batting: RHB Pat McCoy
|
0-0: Fly out, F7 (Line Drive, 7LD, EV 106.9 MPH)
|
|
Batting: LHB Danny Wolver
|
0-0: Called Strike 0-1: Called Strike 0-2: Ball 1-2: Fielders Choice at 2nd, 6-4 (Groundball, 56, EV 104.4 MPH)
|
|
Batting: LHB Chris Cabrera
|
0-0: Called Strike Danny Wolver steals 2nd base 0-1: Swinging Strike 0-2: SINGLE (Line Drive, 9S, EV 111.9 MPH) Danny Wolver to third
|
|
Batting: LHB Josh Birkner
|
0-0: Called Strike 0-1: Ball 1-1: Foul Ball, location: 2F 1-2: Fly out, F8 (Flyball, 8RD, EV 101.9 MPH)
|
| Bottom of the 3rd over - 0 runs, 1 hit, 0 errors, 2 left on base; Buffalo 7 - Fresno 0 |
| TOP OF THE 4TH |
|
Buffalo Bisons batting - Pitching for Fresno Grizzlies : RHP Alex Salinas
|
|
Batting: RHB Jeff Garofalo
|
0-0: Swinging Strike 0-1: Ball 1-1: Called Strike 1-2: Foul Ball, location: 2F 1-2: Fly out, F9 (Flyball, 9LM, EV 75.0 MPH)
|
|
Batting: RHB Bill Murray
|
0-0: Called Strike 0-1: Ball 1-1: Ground out 5-3 (Groundball, 56S, EV 83.1 MPH)
|
|
Batting: LHB Isto Mäyrä
|
0-0: Ball 1-0: Ball 2-0: Ground out 6-3 (Groundball, 6, EV 86.2 MPH)
|
| Top of the 4th over - 0 runs, 0 hits, 0 errors, 0 left on base; Buffalo 7 - Fresno 0 |
| BOTTOM OF THE 4TH |
|
Fresno Grizzlies batting - Pitching for Buffalo Bisons : RHP Jack Overbeek
|
|
Batting: LHB Mark Dearth
|
0-0: Ball 1-0: Ground out U3 (Groundball, 3S, EV 75.0 MPH)
|
|
Batting: RHB Ramon Castellon
|
0-0: Ball 1-0: Swinging Strike 1-1: Foul Ball, location: 2F 1-2: Reached via error on a dropped throw from SS, E3 (Groundball, 6, EV 90.6 MPH)
|
|
Batting: LHB Bob Govella
|
0-0: Ball 1-0: Ball 2-0: Called Strike 2-1: DOUBLE (Line Drive, 9LM, EV 107.5 MPH) Ramon Castellon to third
|
|
Batting: RHB Kyle Davis
|
0-0: Swinging Strike 0-1: Ball 1-1: Fly out, F8 (Flyball, 89S, EV 86.2 MPH)
|
|
Batting: RHB Sam Spohn
|
0-0: Ball 1-0: Ball 2-0: Ball 3-0: Foul Ball, location: 2F 3-1: Ground out 6-3 (Groundball, 6, EV 83.1 MPH)
|
| Bottom of the 4th over - 0 runs, 1 hit, 1 error, 2 left on base; Buffalo 7 - Fresno 0 |
| TOP OF THE 5TH |
|
Buffalo Bisons batting - Pitching for Fresno Grizzlies : RHP Alex Salinas
|
|
Batting: RHB Danny Miramontes
|
0-0: Ball 1-0: Called Strike 1-1: Ball 2-1: Ball 3-1: Called Strike 3-2: Fly out, F7 (Flyball, 7LM, EV 88.1 MPH)
|
|
Batting: RHB Zhi-bin Ou-yang
|
0-0: Called Strike 0-1: Foul Ball, location: 2F 0-2: Ball 1-2: Ball 2-2: SINGLE (Line Drive, 6MD, EV 100.6 MPH)
|
|
Batting: RHB Danny Eberhart
|
0-0: Ball 1-0: Foul Ball, location: 2F 1-1: SINGLE (Groundball, 56S, EV 65.0 MPH) (infield hit) Zhi-bin Ou-yang to second
|
|
Batting: RHB Danny Heyer
|
0-0: Called Strike 0-1: Foul Ball, location: 2F 0-2: Ball 1-2: Grounds into double play, 4-6-3 (Groundball, 4S, EV 78.8 MPH)
|
| Top of the 5th over - 0 runs, 2 hits, 0 errors, 1 left on base; Buffalo 7 - Fresno 0 |
| BOTTOM OF THE 5TH |
|
Fresno Grizzlies batting - Pitching for Buffalo Bisons : RHP Jack Overbeek
|
|
Batting: RHB Pat McCoy
|
0-0: Ball 1-0: Ground out 6-3 (Groundball, 6S, EV 88.1 MPH)
|
|
Batting: LHB Danny Wolver
|
0-0: Called Strike 0-1: Ball 1-1: Foul Ball, location: 2F 1-2: Ball 2-2: Strikes out looking
|
|
Batting: LHB Chris Cabrera
|
0-0: Fly out, F7 (Flyball, 78M, EV 95.0 MPH)
|
| Bottom of the 5th over - 0 runs, 0 hits, 0 errors, 0 left on base; Buffalo 7 - Fresno 0 |
| TOP OF THE 6TH |
|
Buffalo Bisons batting - Pitching for Fresno Grizzlies : RHP Alex Salinas
|
|
Batting: RHB Bobby Lasaguna
|
0-0: Ball 1-0: SINGLE (Groundball, 6D, EV 98.8 MPH)
|
|
Batting: SHB Bran Stark
|
0-0: Ball 1-0: Called Strike Bobby Lasaguna steals 2nd base 1-1: Called Strike 1-2: Strikes out swinging
|
|
Batting: RHB Jeff Garofalo
|
0-0: Ball 1-0: Ball 2-0: Ball 3-0: Base on Balls
|
|
Batting: RHB Bill Murray
|
0-0: Ball 1-0: Grounds out, U3 (Groundball, 3L, EV 88.1 MPH) Bobby Lasaguna to third
|
|
Batting: LHB Isto Mäyrä
|
0-0: Ball 1-0: Called Strike 1-1: Ball Passed Ball! Bobby Lasaguna scores Jeff Garofalo to third 2-1: Swinging Strike 2-2: Foul Ball, location: 2F 2-2: Fly out, F9 (Flyball, 9S, EV 81.9 MPH)
|
| Top of the 6th over - 1 run, 1 hit, 0 errors, 1 left on base; Buffalo 8 - Fresno 0 |
| BOTTOM OF THE 6TH |
|
Fresno Grizzlies batting - Pitching for Buffalo Bisons : RHP Jack Overbeek
|
|
Batting: LHB Josh Birkner
|
0-0: Ball 1-0: Called Strike 1-1: Ball 2-1: Foul Ball, location: 2F 2-2: Foul Ball, location: 2F 2-2: Ground out 3-1 (Groundball, 34, EV 102.5 MPH)
|
|
Batting: LHB Mark Dearth
|
0-0: Ball 1-0: Foul Ball, location: 2F 1-1: Ball 2-1: Swinging Strike 2-2: Ground out 6-3 (Groundball, 6S, EV 71.9 MPH)
|
|
Batting: RHB Ramon Castellon
|
0-0: SINGLE (Groundball, 4MD, EV 98.1 MPH)
|
|
Batting: LHB Bob Govella
|
0-0: Ball 1-0: Foul Ball, location: 2F 1-1: Called Strike 1-2: Ball 2-2: Strikes out looking
|
| Bottom of the 6th over - 0 runs, 1 hit, 0 errors, 1 left on base; Buffalo 8 - Fresno 0 |
| TOP OF THE 7TH |
|
Buffalo Bisons batting - Pitching for Fresno Grizzlies : RHP Alex Salinas
|
|
Batting: RHB Danny Miramontes
|
0-0: Ball 1-0: Ball 2-0: Foul Ball, location: 2F 2-1: Ball 3-1: Foul Ball, location: 2F 3-2: Base on Balls
|
|
Batting: RHB Zhi-bin Ou-yang
|
0-0: Called Strike 0-1: Swinging Strike 0-2: SINGLE (Groundball, 25, EV 73.1 MPH) (infield hit) Danny Miramontes to second
|
|
Batting: RHB Danny Eberhart
|
0-0: Ball 1-0: Fielders Choice at 2nd, 3-6 (Groundball, 34, EV 84.4 MPH) Danny Miramontes to third
|
|
Pitching: RHP Jorge Aguilar
|
|
|
Batting: RHB Danny Heyer
|
0-0: Called Strike 0-1: Called Strike 0-2: Strikes out swinging
|
|
Batting: RHB Bobby Lasaguna
|
0-0: Called Strike 0-1: Called Strike 0-2: Fly out, F7 (Flyball, 78M, EV 93.8 MPH)
|
| Top of the 7th over - 0 runs, 1 hit, 0 errors, 2 left on base; Buffalo 8 - Fresno 0 |
| BOTTOM OF THE 7TH |
|
Fresno Grizzlies batting - Pitching for Buffalo Bisons : RHP Jack Overbeek
|
|
Batting: RHB Kyle Davis
|
0-0: Ball 1-0: Ground out 3-1 (Groundball, 13, EV 76.2 MPH)
|
|
Batting: RHB Sam Spohn
|
0-0: Ball 1-0: Called Strike 1-1: Swinging Strike 1-2: Foul Ball, location: 2F 1-2: Fly out, F1 (Line Drive, P, EV 65.0 MPH)
|
|
Batting: RHB Pat McCoy
|
0-0: Fly out, F7 (Flyball, 7D, EV 104.4 MPH)
|
| Bottom of the 7th over - 0 runs, 0 hits, 0 errors, 0 left on base; Buffalo 8 - Fresno 0 |
| TOP OF THE 8TH |
|
Buffalo Bisons batting - Pitching for Fresno Grizzlies : RHP Jorge Aguilar
|
|
Batting: SHB Bran Stark
|
0-0: Ball 1-0: Swinging Strike 1-1: Foul Ball, location: 2F 1-2: Foul Ball, location: 2F 1-2: Ball 2-2: Foul Ball, location: 2F 2-2: SINGLE (Groundball, 6M, EV 100.0 MPH) (infield hit)
|
|
Batting: RHB Jeff Garofalo
|
0-0: Ball Bran Stark steals 2nd base 1-0: Foul Ball, location: 2F 1-1: Foul Ball, location: 2F 1-2: Ball 2-2: Ball 3-2: Ground out 6-3 (Groundball, 6, EV 101.9 MPH)
|
|
Batting: RHB Bill Murray
|
0-0: Ball 1-0: Called Strike 1-1: Ball 2-1: Foul Ball, location: 2F 2-2: Fly out, F7 (Line Drive, 7, EV 92.5 MPH)
|
|
Batting: LHB Isto Mäyrä
|
0-0: Ball 1-0: Ball 2-0: Called Strike 2-1: Foul Ball, location: 2F 2-2: Ground out 6-3 (Groundball, P, EV 84.4 MPH)
|
| Top of the 8th over - 0 runs, 1 hit, 0 errors, 1 left on base; Buffalo 8 - Fresno 0 |
| BOTTOM OF THE 8TH |
|
Fresno Grizzlies batting - Pitching for Buffalo Bisons : RHP Jack Overbeek
|
|
Pitching: RHP Mel Schultz
|
|
|
Now at 1B: Dusty Thompson
|
|
|
Now in LF: Bill Murray
|
|
|
Now in RF: Väinö Tapaninen
|
|
|
Batting: LHB Danny Wolver
|
0-0: Foul Ball, location: 2F 0-1: Ball 1-1: Ball 2-1: SINGLE (Groundball, P, EV 93.1 MPH) (infield hit)
|
|
Batting: LHB Chris Cabrera
|
0-0: Ball 1-0: Ball 2-0: Ball 3-0: Base on Balls Danny Wolver to second
|
|
Batting: LHB Josh Birkner
|
0-0: Called Strike 0-1: Ball 1-1: Fly out, F8 (Line Drive, 8LD, EV 93.8 MPH)
|
|
Batting: LHB Mark Dearth
|
0-0: Ball 1-0: Ball 2-0: Ball 3-0: Foul Ball, location: 2F 3-1: Base on Balls Danny Wolver to third Chris Cabrera to second
|
|
Batting: RHB Ramon Castellon
|
0-0: Called Strike 0-1: Ball 1-1: Called Strike 1-2: Strikes out swinging
|
|
Pinch Hitting: RHB Etsuro Hosokawa
|
0-0: Ball 1-0: Called Strike 1-1: Ball 2-1: Called Strike 2-2: Strikes out looking
|
| Bottom of the 8th over - 0 runs, 1 hit, 0 errors, 3 left on base; Buffalo 8 - Fresno 0 |
| TOP OF THE 9TH |
|
Buffalo Bisons batting - Pitching for Fresno Grizzlies : RHP Jorge Aguilar
|
|
Pitching: RHP Josh Holloway
|
|
|
Now in LF: Etsuro Hosokawa
|
|
|
Batting: RHB Danny Miramontes
|
0-0: Called Strike 0-1: Ball 1-1: Ball 2-1: Called Strike 2-2: Ball 3-2: Base on Balls
|
|
Batting: RHB Zhi-bin Ou-yang
|
0-0: Called Strike 0-1: Fly out, F4 (Popup, 4S, EV 79.4 MPH)
|
|
Batting: RHB Danny Eberhart
|
0-0: Ball 1-0: Ball 2-0: Ball 3-0: Foul Ball, location: 2F 3-1: Base on Balls Danny Miramontes to second
|
|
Batting: RHB Danny Heyer
|
0-0: Foul Ball, location: 2F 0-1: Ball 1-1: Swinging Strike 1-2: Ball 2-2: Fielders Choice at 2nd, 6-4 (Groundball, 6, EV 84.4 MPH) Danny Miramontes to third
|
|
Batting: RHB Bobby Lasaguna
|
0-0: Fly out, F7 (Flyball, 78S, EV 83.8 MPH)
|
| Top of the 9th over - 0 runs, 0 hits, 0 errors, 2 left on base; Buffalo 8 - Fresno 0 |
| BOTTOM OF THE 9TH |
|
Fresno Grizzlies batting - Pitching for Buffalo Bisons : RHP Mel Schultz
|
|
Now in LF: Väinö Tapaninen
|
|
|
Now in RF: Jack Bell
|
|
|
Batting: RHB Kyle Davis
|
0-0: Ball 1-0: Swinging Strike 1-1: SINGLE (Line Drive, 7LS, EV 95.0 MPH)
|
|
Batting: RHB Sam Spohn
|
0-0: Ball 1-0: Called Strike 1-1: Foul Ball, location: 2F 1-2: Ball 2-2: Strikes out swinging
|
|
Batting: RHB Pat McCoy
|
0-0: Ball 1-0: Called Strike 1-1: Fielders Choice at 2nd, 5-4 (Groundball, 56S, EV 83.8 MPH)
|
|
Batting: LHB Danny Wolver
|
0-0: Foul Ball, location: 2F 0-1: Swinging Strike 0-2: Ball 1-2: Ball 2-2: Strikes out swinging
|
| Bottom of the 9th over - 0 runs, 1 hit, 0 errors, 1 left on base; Buffalo 8 - Fresno 0 |
|